 Dungeon Crawl Stone Soup version 0.27.1-34-g3ba077fa99 (webtiles) character file.

Game seed: 3467072724403069660

4 multipassport the Conjurer (level 1, 0/11 HPs)
             Began as a Kobold Conjurer on Jan 15, 2022.
             Slain by a jackal (3 damage)
             ... on level 1 of the Dungeon.
             The game lasted 00:02:14 (303 turns).

multipassport the Conjurer (Kobold Conjurer)         Turns: 303, Time: 00:02:14

Health: 0/11       AC:  2    Str:  4    XL:     1   Next: 77%
Magic:  0/3        EV: 14    Int: 19    God:
Gold:   4          SH:  0    Dex: 13    Spells: 3/4 levels left

rFire    . . .     SeeInvis .   (weapon restricted)
rCold    . . .     Faith    .   (shield restricted)
rNeg     . . .     Spirit   .   a - +0 robe
rPois    .         Reflect  .   (no helmet)
rElec    .         Harm     .   (no cloak)
rCorr    .         Rampage  .   (no gloves)
Will     .....                  (no boots)
Stlth    +++.......             (no amulet)
HPRegen  0.03/turn              (no ring)
MPRegen  0.08/turn              (no ring)

@: no status effects
A: small, no large weapons, nightstalker 3
a: no special abilities


You were on level 1 of the Dungeon.
You visited 1 branch of the dungeon, and saw 1 of its levels.

You collected 4 gold pieces.

Inventory:

Armour
 a - a +0 robe (worn)
Potions
 b - a potion of might {unknown}


   Skills:
 + Level 0.4 Fighting
 + Level 2.6 Dodging
 - Level 2.6 Stealth
 + Level 2.3 Spellcasting
 + Level 4.0 Conjurations


You had 3 spell levels left.
You knew the following spells:

 Your Spells              Type           Power      Damage    Failure   Level
a - Magic Dart            Conj           68%        1d6       3%          1

Your spell library contained the following spells:

 Spells                   Type           Power      Damage    Failure   Level
 Searing Ray              Conj           34%        3d4       4%          2
 Dazzling Flash           Conj/Hex       18%        N/A       22%         3
 Fulminant Prism          Conj/Hex       4%         3d6       56%         4
 Iskenderun's Mystic Bla  Conj/Tloc      9%         2d4       56%         4


Dungeon Overview and Level Annotations

Branches:
Dungeon (1/15)

Altars:


Innate Abilities, Weirdness & Mutations

You are small and have problems with some larger weapons.
You are completely attuned to the shadows.


Message History

The jackal is moderately wounded.
The jackal barely misses you. The jackal completely misses you.
The jackal bites you. The jackal barely misses you.
You see here 15 sling bullets.
The jackal bites you but does no damage.
The jackal closely misses you. The jackal closely misses you.
The jackal bites you but does no damage.
You see here 15 sling bullets.
Aiming: Magic Dart (safe; 3% risk of failure)
Press: ? - help, Q - select action Shift-Dir - straight line, f/p - jackal
Aim: a jackal (heavily wounded, 100% to hit)
The magic dart hits the jackal.
The jackal is heavily wounded.
The jackal completely misses you. The jackal bites you. The jackal bites you.
* * * LOW HITPOINT WARNING * * *
The jackal closely misses you.
Aiming: Magic Dart (safe; 3% risk of failure)
Press: ? - help, Q - select action Shift-Dir - straight line, f/p - jackal
Aim: a jackal (heavily wounded, 100% to hit)
The magic dart hits the jackal but does no damage.
The jackal is heavily wounded.
The jackal bites you but does no damage.
The jackal barely misses you.
The jackal bites you but does no damage.
The jackal misses you.
The jackal bites you but does no damage.
Aiming: Magic Dart (safe; 3% risk of failure)
Press: ? - help, Q - select action Shift-Dir - straight line, f/p - jackal
Aim: a jackal (moderately wounded, 100% to hit)
The magic dart hits the jackal.
The jackal is severely wounded.
The jackal closely misses you. The jackal barely misses you.
You see here a jackal corpse.
The jackal bites you.
You die...

###########
######.........#
####......#######.#
#....############.#
#(#### #..@hh.# #.#
#.####.# ###.####
#.#....## #......#
#...#...# #.#.##.#
#...#...## #.#.#
... #....#....#
....# ....
#.#######.# ..###
.... #... #....#
..# #..#.#.##


You could see 2 jackals.

Vanquished Creatures
  A giant cockroach (D:1)
  A hobgoblin (D:1)
  A jackal (D:1)
  A frilled lizard (D:1)
4 creatures vanquished.

Notes
Turn   | Place    | Note
-------+----------+-------------------------------------------
     0 | D:1      | multipassport the Kobold Conjurer began the quest for the
                  | Orb.
     0 | D:1      | Reached XP level 1. HP: 10/10 MP: 3/3
   303 | D:1      | Slain by a jackal

Illustrated notes

Levels and vault maps discovered:
D:1:      dpeg_arrival_erosion, layout_loops_cross,
          dreamdust_ecumenical_altar_angels_and_demons,
          minmay_misc_feat_more_columns

Action                   || total
-------------------------++-------
 Cast: Magic Dart        ||    16
Armor: Robe              ||     9
Dodge: Dodged            ||    22
